 Dungeon Crawl Stone Soup version 0.30-a0-6-g7c9e10e132 (webtiles) character file.

Game seed: 16907444511516331027

2102 themarg the Nimble (level 9, 0/68 HPs)
             Began as a Gnoll Wanderer on Aug 22, 2022.
             Killed from afar by an orc wizard (9 damage)
             ... with a magic dart
             ... on level 6 of the Dungeon.
             The game lasted 00:22:05 (6068 turns).

themarg the Nimble (Gnoll Wanderer)                 Turns: 6068, Time: 00:22:06

Health: 0/68       AC: 11    Str: 15    XL:     9   Next: 28%
Magic:  15/15      EV: 17    Int: 11    God:
Gold:   936        SH:  0    Dex: 17    Spells: 16/16 levels left

rFire   + . .      SeeInvis .    o - +10 dagger of Vanity {holy, rF+ Stlth+}
rCold   . . .      Faith    .    (no shield)
rNeg    . . .      Spirit   .    e - +3 leather armour
rPois   .          Reflect  .    (no helmet)
rElec   .          Harm     .    B - +0 cloak
rCorr   .          Rampage  .    j - +2 pair of gloves of the Vaults {Fly Str+2 Dex+2}
Will    .....                    (no boots)
Stlth   ++++......               (no amulet)
HPRegen 0.21/turn                (no ring)
MPRegen 0.14/turn                (no ring)

@: flying
A: fangs 1, strong nose, distributed training
a: no special abilities


You were on level 6 of the Dungeon.
You visited 1 branch of the dungeon, and saw 6 of its levels.
You also visited: Sewer.

You collected 936 gold pieces.

Inventory:

Hand Weapons
 l - a +1 dagger of speed
 o - the +10 dagger of Vanity (weapon) {holy, rF+ Stlth+}
   (You found it on level 2 of the Dungeon)

   It has been blessed by the Shining One to cause great damage to the undead
   and demons.
   rF:        It protects you from fire.
   Stlth:     It makes you more stealthy.
Missiles
 a - 46 poisoned darts (quivered)
Armour
 e - a +3 leather armour (worn)
 j - the +2 pair of gloves of the Vaults (worn) {Fly Str+2 Dex+2}
   (You acquired it on level 4 of the Dungeon)

   Str:       It affects your strength (+2).
   Dex:       It affects your dexterity (+2).
   Fly:       It grants you flight.
 B - a +0 cloak (worn)
Jewellery
 z - a ring of resist corrosion
Wands
 A - a wand of iceblast (13)
Scrolls
 c - a scroll of butterflies
 f - a scroll of poison {unknown}
 g - 2 scrolls of immolation
 i - a scroll of fear
 p - a scroll of enchant armour
 t - a scroll of noise {unknown}
 w - a scroll of magic mapping
 x - 3 scrolls of identify {unknown}
 y - a scroll of torment {unknown}
Potions
 b - 3 potions of curing
 d - 2 potions of berserk rage
 h - 2 potions of haste {unknown}
 k - a potion of heal wounds {unknown}
 m - a potion of lignification {unknown}
 n - 2 potions of might {unknown}
 q - a potion of invisibility {unknown}
 r - a potion of ambrosia {unknown}
 s - a potion of degeneration {unknown}
 u - a potion of cancellation {unknown}
 v - a potion of brilliance {unknown}


   Skills:
 + Level 5.0 Fighting
 + Level 4.2 Short Blades
 + Level 4.2 Long Blades
 + Level 4.2 Axes
 + Level 4.2 Maces & Flails
 + Level 4.2 Polearms
 + Level 4.2 Staves
 + Level 4.2 Ranged Weapons
 + Level 4.2 Throwing
 + Level 6.3 Armour
 + Level 9.6 Dodging
 + Level 4.2 Stealth
 + Level 4.2 Shields
 + Level 6.3 Unarmed Combat
 + Level 4.2 Spellcasting
 + Level 3.5 Conjurations
 + Level 3.5 Hexes
 + Level 3.5 Summonings
 + Level 3.5 Necromancy
 + Level 3.5 Translocations
 + Level 3.5 Transmutations
 + Level 3.5 Fire Magic
 + Level 3.5 Ice Magic
 + Level 3.5 Air Magic
 + Level 3.5 Earth Magic
 + Level 3.5 Poison Magic
 + Level 4.7 Invocations
 + Level 5.0 Evocations


You had 16 spell levels left.
You didn't know any spells.
Your spell library contained the following spells:

 Spells                   Type           Power      Damage    Failure   Level
 Apportation              Tloc           20%        N/A       7%          1
 Necrotise                Necr           40%        1d6       7%          1
 Summon Small Mammal      Summ           40%        N/A       7%          1
 Blink                    Tloc           20%        N/A       10%         2
 Confusing Touch          Hex            10%        N/A       21%         3
 Lesser Beckoning         Tloc           10%        N/A       21%         3
 Manifold Assault         Tloc           10%        N/A       88%         5
 Yara's Violent Unravell  Hex/Tmut       5%         3d4       88%         5
 Enfeeble                 Hex            5%         N/A       100%        7


Dungeon Overview and Level Annotations

Branches:
Dungeon (6/15)              Sewer (visited)
 Temple: D:4-7

Altars:
Dithmenos
Okawaru
Sif Muna
Wu Jian

Annotations:
D:4 3 runed translucent doors, Setbun's ghost, novice KoEn


Innate Abilities, Weirdness & Mutations

You have very sharp teeth.
Your uncanny sense of smell can sniff out nearby items.
Your experience applies equally to all skills.


Message History

a +0 dagger; a +1 robe of willpower Something closely misses you.
Something hits you but does no damage.
The orc wizard points at you and mumbles some strange words.
The puff of flame hits you. You resist.
The orc wizard casts a spell.
The orc wizard flickers and vanishes!
Something closely misses you.
A magic dart appears from out of thin air!
The magic dart hits something!
Something hits you but does no damage. Something hits you but does no damage.
You puncture something!
Reactivating autopickup.
You feel a bit more experienced.
You barely miss the orc. The orc barely misses you.
You hit the orc but do no damage. You hit the orc.
The orc is heavily wounded.
Deactivating autopickup; reactivate with Ctrl-A.
You hit something. You puncture something!
You hear some strange, mumbled words.
Something tries to affect you, but you resist.
You miss something. You punch something. Something hits you but does no damage.
You miss something. You puncture something!
Reactivating autopickup.
You feel a bit more experienced.
The orc priest mumbles some strange prayers to Beogh against you.
Beogh smites you!
Deactivating autopickup; reactivate with Ctrl-A.
You closely miss something. Something hits you but does no damage.
You hit something. You bite something.
The orc priest invokes the aid of Beogh against you.
Beogh smites you!
* * * LOW HITPOINT WARNING * * *
You hear some strange, mumbled words.
A magic dart appears from out of thin air!
The magic dart hits you!
You die...

############
##o{@........
#..##.######
####.###..# #
#....####o#######
#.....)o.o.......
#..##.{..........
#..##.......#####
##..######†.## #
####...#### #....
####


You could see 2 orc priests and an orc.

Vanquished Creatures
  Grinder (D:4)
  An ice beast (D:5)
  4 black bears
  A centaur (D:5)
  7 kobold brigands (Sewer)
  4 scorpions
  A jelly (D:5)
  Crazy Yiuf (D:5)
  2 iguanas
  10 orc wizards
  7 gnolls
  2 river rats (Sewer)
  9 adders
  2 shadow imps
  2 worms
  3 dart slugs
  8 orcs
  8 ball pythons
  13 endoplasms
  9 giant cockroaches
  8 goblins
  8 hobgoblins
  2 jackals (D:1)
  5 quokkas
  4 bats
  5 frilled lizards
  14 kobolds
  8 rats
149 creatures vanquished.

Notes
Turn   | Place    | Note
-------+----------+-------------------------------------------
     0 | D:1      | themarg the Gnoll Wanderer began the quest for the Orb.
     0 | D:1      | themarg set off with the following items: a +0 dagger, a
                  | potion of curing, a scroll of butterflies, a potion of
                  | berserk rage, a +2 leather armour.
     0 | D:1      | Reached XP level 1. HP: 17/17 MP: 1/1
    60 | D:1      | Found a faded altar of an unknown god.
   162 | D:1      | Reached XP level 2. HP: 17/23 MP: 2/2
   986 | D:1      | Reached XP level 3. HP: 25/28 MP: 3/3
  1193 | D:1      | Reached skill level 1 in Invocations
  1429 | D:2      | Identified the +10 dagger of Vanity {holy, rF+ Stlth+}
  1465 | D:2      | Reached skill level 1 in Short Blades
  1465 | D:2      | Reached skill level 1 in Long Blades
  1465 | D:2      | Reached skill level 1 in Axes
  1465 | D:2      | Reached skill level 1 in Maces & Flails
  1465 | D:2      | Reached skill level 1 in Polearms
  1465 | D:2      | Reached skill level 1 in Staves
  1465 | D:2      | Reached skill level 1 in Ranged Weapons
  1465 | D:2      | Reached skill level 1 in Throwing
  1465 | D:2      | Reached skill level 1 in Stealth
  1465 | D:2      | Reached skill level 1 in Shields
  1465 | D:2      | Reached skill level 1 in Spellcasting
  1770 | D:2      | Reached XP level 4. HP: 34/34 MP: 5/5
  2048 | D:3      | Found an iron altar of Okawaru.
  2140 | D:3      | Reached skill level 1 in Conjurations
  2140 | D:3      | Reached skill level 1 in Hexes
  2140 | D:3      | Reached skill level 1 in Summonings
  2140 | D:3      | Reached skill level 1 in Necromancy
  2140 | D:3      | Reached skill level 1 in Translocations
  2140 | D:3      | Reached skill level 1 in Transmutations
  2140 | D:3      | Reached skill level 1 in Fire Magic
  2140 | D:3      | Reached skill level 1 in Ice Magic
  2140 | D:3      | Reached skill level 1 in Air Magic
  2140 | D:3      | Reached skill level 1 in Earth Magic
  2140 | D:3      | Reached skill level 1 in Poison Magic
  2497 | D:3      | Reached XP level 5. HP: 40/40 MP: 7/7
  2554 | D:3      | Found an ornate altar of the Wu Jian Council.
  2599 | D:4      | Identified 2 scrolls of acquirement
  2599 | D:4      | Acquired 732 gold pieces
  2661 | D:4      | Found a glowing drain.
  2698 | Sewer    | Entered a sewer
  2959 | Sewer    | Noticed a kobold brigand
  2974 | Sewer    | Killed a kobold brigand
  2975 | Sewer    | Reached XP level 6. HP: 30/47 MP: 8/8
  3122 | Sewer    | Reached skill level 5 in Armour
  3122 | Sewer    | Reached skill level 5 in Unarmed Combat
  3236 | Sewer    | Reached XP level 7. HP: 32/52 MP: 10/10
  3615 | Sewer    | Reached skill level 9 in Dodging
  3878 | D:4      | Found a shadowy altar of Dithmenos.
  3987 | D:4      | Noticed Grinder
  3994 | D:4      | Reached XP level 8. HP: 60/60 MP: 12/12
  4238 | D:4      | Paralysed by Grinder for 2 turns
  4244 | D:4      | Killed Grinder
  4383 | D:4      | Found a runed translucent gate.
  4385 | D:4      | Found a runed translucent gate.
  4386 | D:4      | Found a runed translucent gate.
  4655 | D:4      | Noticed Setbun's ghost (novice KoEn)
  4698 | D:4      | Acquired the +2 pair of gloves of the Vaults {Fly Str+2
                  | Dex+2}
  4706 | D:5      | Entered Level 5 of the Dungeon
  4739 | D:5      | Found a shimmering blue altar of Sif Muna.
  5511 | D:5      | Reached XP level 9. HP: 57/66 MP: 14/14
  5661 | D:5      | Found a runed translucent door.
  5662 | D:5      | Noticed Crazy Yiuf
  5675 | D:5      | Killed Crazy Yiuf
  5733 | D:5      | Identified the +8 hammer of the Abyss {antimagic, Will+}
  5993 | D:6      | Reached skill level 5 in Fighting
  5993 | D:6      | Reached skill level 5 in Evocations
  6068 | D:6      | Killed from afar by an orc wizard

Illustrated notes

Levels and vault maps discovered:
D:1:      lemuel_arrival_rhombus, layout_rooms,
          hellmonk_ecumenical_altar_blasted, dreamdust_princess_corridor,
          glass_columns_c, chequers_mini_garden
D:2:      layout_rooms, grunt_decor_clamped
D:3:      layout_loops_cross, nicolae_wu_jian_glorious_leap,
          okawaru_metal_pillars_3
D:4:      layout_loops_ring, mainiacjoe_overflow_paths,
          gammafunk_ghost_necromancy, gup_sewer_entry_glass,
          nicolae_eternal_life, minmay_misc_feat_chi, uniq_grinder
D:5:      layout_basic, mainiacjoe_overflow_alcove_1, uniq_crazy_yiuf_cottage
D:6:      minmay_flawed_box, layout_basic, minitemple, uniq_blork_the_orc

Skill      XL: |  1  2  3  4  5  6  7  8  9 |
---------------+----------------------------+-----
Invocations    | 1 2 3 4 |  4.7
Short Blades   | 1 2 3 4 |  4.2
Long Blades    | 1 2 3 4 |  4.2
Axes           | 1 2 3 4 |  4.2
Maces & Flails | 1 2 3 4 |  4.2
Polearms       | 1 2 3 4 |  4.2
Staves         | 1 2 3 4 |  4.2
Ranged Weapons | 1 2 3 4 |  4.2
Throwing       | 1 2 3 4 |  4.2
Stealth        | 1 2 3 4 |  4.2
Shields        | 1 2 3 4 |  4.2
Spellcasting   | 1 2 3 4 |  4.2
Conjurations   | 1 2 3 |  3.5
Hexes          | 1 2 3 |  3.5
Summonings     | 1 2 3 |  3.5
Necromancy     | 1 2 3 |  3.5
Translocations | 1 2 3 |  3.5
Transmutations | 1 2 3 |  3.5
Fire Magic     | 1 2 3 |  3.5
Ice Magic      | 1 2 3 |  3.5
Air Magic      | 1 2 3 |  3.5
Earth Magic    | 1 2 3 |  3.5
Poison Magic   | 1 2 3 |  3.5
Fighting       | 3 4 5 |  5.0
Evocations     | 3 4 5 |  5.0
Armour         | 5 6 |  6.3
Unarmed Combat | 5 6 |  6.3
Dodging        | 9 |  9.6

Action                   |  1- 3 |  4- 6 |  7- 9 || total
-------------------------+-------+-------+-------++-------
Melee: Dagger            |   195 |   144 |   201 ||   540
       Bite              |    17 |     8 |    21 ||    46
       Punch             |     2 |     2 |     8 ||    12
Throw: Dart              |       |     3 |       ||     3
  Use: Scroll            |       |     4 |     2 ||     6
       Potion            |       |       |     1 ||     1
 Stab: Sleeping          |     2 |     8 |    10 ||    20
       Distracted        |       |       |     2 ||     2
Armor: Leather armour    |    51 |    17 |    60 ||   128
Dodge: Dodged            |   174 |    79 |   128 ||   381

Table legend: (Time is in decaauts)
 A = Elapsed time spent in this place.
 B = Non-inter-level travel time spent in this place.
 C = Inter-level travel time spent in this place.
 D = Time resting spent in this place.
 E = Time spent auto-exploring this place.
 F = Levels seen in this place.
 G = Mean time per level.
                   A        B        C        D        E       F      G
               +--------+--------+--------+--------+--------+-----+--------+
         Total |   6172 |   6071 |    101 |   1676 |   2784 |   7 |  881.7 |
       Dungeon |   5056 |   4955 |    101 |   1368 |   2357 |   6 |  842.7 |
         Sewer |   1115 |   1115 |      0 |    308 |    427 |   1 | 1115.0 |
               +--------+--------+--------+--------+--------+-----+--------+

Top non-repeatable levels by time:
     D:1: 1301 daAuts
     D:4: 1136 daAuts
   Sewer: 1115 daAuts
     D:5: 1083 daAuts
     D:2: 646 daAuts
     D:3: 633 daAuts
     D:6: 256 daAuts
